AoeStats
← KG.专业开脑壳

Nomad

508425079Analyzed
4v4 RM · 8d ago on Sep 22, 2026· 27m 28s· 8 players
Game mode
Random Map
Map size
231×231
Population
200
Speed
Normal
Resources
Standard
Victory
Conquest
Starting age
Dark Age
Ending age
Imperial Age
RankedLock teamsTeams togetherTeam positionsShared explorationLock speedFull tech treeHidden civsTurbo modeCheats
Victory
Defeat
🇯🇵 Bohemians · Japan
1149
+16
🇯🇵 Bengalis · Japan
1141
+16
🇨🇳 Chinese · China
1100
+18
🇨🇳 Malians · China
1096
+18
🇪🇸 Franks · Spain
1187
-18
🇲🇦 Bohemians · Morocco
1149
-17
🇸🇪 Wu · Sweden
1146
-17
🇹🇼 Persians · Taiwan
1110
-16
bluelam77
6:08 Loom
12:49 Feudal Age
15:21 Double-Bit Axe
16:18 Bloodlines
22:06 Castle Age
21:17 Fletching
22:12 Padded Archer Armor
23:56 Thumb Ring
25:23 Bow Saw
25:46 Bodkin Arrow
25:56 Horse Collar
27:41 Parthian Tactics
Wolfie
7:47 Loom
16:36 Feudal Age
17:59 Double-Bit Axe
18:40 Fishing Lines
23:18 Castle Age
21:48 Fletching
22:09 Forging
23:13 Gold Mining
23:15 Stone Mining
24:28 Padded Archer Armor
24:38 Scale Mail Armor
25:04 Squires
26:07 Bow Saw
26:37 Chain Mail Armor
27:16 Horse Collar
No-One-Knows-Me
6:12 Loom
14:28 Feudal Age
18:59 Castle Age
18:20 Double-Bit Axe
Goyito
8:30 Loom
15:13 Feudal Age
21:37 Castle Age
19:26 Double-Bit Axe
KG.专业开脑壳
11:26 Loom
14:35 Feudal Age
19:45 Castle Age
19:07 Double-Bit Axe
23:42 Stone Mining
25:51 Forging
27:40 Horse Collar
73624617386501790
3:07 Loom
14:11 Feudal Age
14:40 Double-Bit Axe
17:59 Castle Age
16:29 Gold Mining
18:54 Bow Saw
20:15 Scale Mail Armor
20:30 Forging
21:55 Chain Mail Armor
25:36 Wheelbarrow
26:21 Squires
baoh59
5:02 Loom
13:36 Feudal Age
15:24 Double-Bit Axe
15:49 Fletching
16:55 Wheelbarrow
22:57 Castle Age
22:56 Horse Collar
23:22 Scale Mail Armor
24:08 Medium Warships
24:36 Bow Saw
25:25 Bodkin Arrow
makky
6:11 Loom
14:21 Feudal Age
18:13 Castle Age
18:09 Double-Bit Axe
18:09 Horse Collar
18:22 Fletching
19:11 Bow Saw
22:21 Bodkin Arrow
23:55 Medium Warships
23:34 Fishing Lines
26:28 Heavy Plow
27:05 Stone Mining
Connection lost

Rejoining the realm…

Still unreachable

The connection could not be restored.

Session expired

The server has moved on; the page needs a fresh start.